 Dungeon Crawl Stone Soup version 0.29.1-1-gd02db6906a (webtiles) character file.

Game seed: 10725370688465171869

60 vvl the Trooper (level 3, -9/29 HPs)
             Began as a Demonspawn Fighter on Oct 6, 2022.
             Killed by nerve-wracking pain
             ... invoked by a shadow imp
             ... summoned by Natasha
              (11 damage)
             ... on level 2 of the Dungeon.
             The game lasted 00:02:37 (1493 turns).

vvl the Trooper (Demonspawn Fighter)                Turns: 1493, Time: 00:02:37

Health: -9/29      AC:  6    Str: 16    XL:     3   Next: 82%
Magic:  4/4        EV:  9    Int: 11    God:
Gold:   59         SH:  4    Dex: 12    Spells: 3/3 levels left

rFire   . . .      SeeInvis .   a - +0 long sword
rCold   . . .      Faith    .   c - +0 buckler
rNeg    . . .      Spirit   .   g - +0 ring mail
rPois   .          Reflect  .   (helmet restricted)
rElec   .          Harm     .   (no cloak)
rCorr   .          Rampage  .   (no gloves)
Will    .....                   f - +0 pair of boots
Stlth   +.........              (no amulet)
HPRegen 0.09/turn               (no ring)
MPRegen 0.09/turn               (no ring)

@: no status effects
A: antennae 1, demonic guardian 1
a: no special abilities


You were on level 2 of the Dungeon.
You visited 1 branch of the dungeon, and saw 2 of its levels.

You collected 59 gold pieces.

Inventory:

Hand Weapons
 a - a +0 long sword (weapon)
Armour
 c - a +0 buckler (worn)
 f - a +0 pair of boots (worn)
 g - a +0 ring mail (worn)
Scrolls
 b - 2 scrolls of identify {unknown}
 e - a scroll of amnesia {unknown}
 j - 2 scrolls of summoning {unknown}
 m - 2 scrolls of poison {unknown}
 n - 2 scrolls of fear {unknown}
Potions
 d - a potion of might
 h - a potion of mutation {unknown}
 i - a potion of magic {unknown}
 k - a potion of lignification {unknown}
 l - a potion of attraction {unknown}


   Skills:
 + Level 3.2 Fighting
 + Level 2.2 Long Blades
 + Level 2.9 Armour
 + Level 3.0 Shields
 + Level 0.8 Spellcasting
 + Level 1.2 Conjurations
 + Level 1.0 Necromancy


You had 3 spell levels left.
You didn't know any spells.
Your spell library contained the following spells:

 Spells                   Type           Power      Damage    Failure   Level
 Poisonous Vapours        Pois/Air       0%         N/A       77%         2
 Corpse Rot               Necr/Pois/Air  1%         N/A       100%        4


Dungeon Overview and Level Annotations

Branches:
Dungeon (2/15)

Altars:

Annotations:
D:2 Natasha


Innate Abilities, Weirdness & Mutations

You have a pair of small antennae on your head.
A weak demonic guardian rushes to your aid.


Message History

You are too injured to fight recklessly!
You are too injured to fight recklessly!
You are too injured to fight recklessly!
You are too injured to fight recklessly!
Unknown command.
You miss Natasha. The bat hits you but does no damage.
Your quasit bites the bat but does no damage.
Your quasit claws the bat.
Your quasit barely misses the bat.
The bat misses you. Natasha claws you.
* * * LOW HITPOINT WARNING * * *
You closely miss Natasha. You block the bat's attack.
You block Natasha's attack.
Your quasit bites the bat.
Your quasit claws the bat.
The bat dies!
You hit Natasha.
Natasha is moderately wounded.
Your quasit bites Natasha.
Your quasit claws Natasha but does no damage. x2
Natasha claws you.
* * * LOW HITPOINT WARNING * * *
Your quasit bites Natasha but does no damage.
Your quasit claws Natasha. x2; Natasha closely misses your quasit.
Your quasit closely misses Natasha.
Your quasit barely misses Natasha.
Your quasit closely misses Natasha.
Natasha casts a spell at your quasit. The magic dart hits your quasit.
Your quasit bites Natasha.
Your quasit claws Natasha but does no damage.
Your quasit claws Natasha.
Natasha mumbles some strange words.
You see here a rat corpse.
Your quasit bites Natasha but does no damage.
Your quasit barely misses Natasha. x2; Your quasit closely misses Natasha.
Your quasit barely misses Natasha.
Your quasit claws Natasha but does no damage.
Natasha barely misses your quasit. Something misses your quasit.
The shadow imp gestures at you. Pain shoots through your body!
You die...

########## #.... ##########
........#....... #.....?...
#######.#.......##........#
##...##.#.... #.5..h.....#
........#.....##...........
#....#..#........5........#
#....#..###..###5#........#
...#.#..##. #.#..[.....#
####.#..#..# #@#......(.#
#....)....# #.#........#
#....#......# #.##########
##...#.####.# #.#
...#.#.#..#.# #.#
.....)...)..#. #.#
##.#..<#....#.##.#
...###.#....#>...#####
####.....#.##........#


You could see a white imp (summoned), a shadow imp (summoned) and a friendly
quasit (summoned).

Vanquished Creatures
  Natasha (D:2)
  3 ball pythons
  4 bats
  4 endoplasms
  3 giant cockroaches
  3 goblins
  2 hobgoblins (D:1)
  A quokka (D:1)
  2 frilled lizards (D:1)
  5 kobolds (D:1)
  7 rats
35 creatures vanquished.

Vanquished Creatures (collateral kills)
  A bat (D:2)
1 creature vanquished.

Grand Total: 36 creatures vanquished

Notes
Turn   | Place    | Note
-------+----------+-------------------------------------------
     0 | D:1      | vvl the Demonspawn Fighter began the quest for the Orb.
     0 | D:1      | Reached XP level 1. HP: 18/18 MP: 1/1
   389 | D:1      | Gained mutation: A weak demonic guardian rushes to your
                  | aid. [demonic ancestry]
   389 | D:1      | Reached XP level 2. HP: 24/24 MP: 2/2
   490 | D:1      | Found a faded altar of an unknown god.
  1148 | D:2      | Discovered your monstrous ancestry.
  1148 | D:2      | Gained mutation: You have a pair of small antennae on your
                  | head. [demonic ancestry]
  1148 | D:2      | Reached XP level 3. HP: 27/29 MP: 3/3
  1231 | D:2      | Reached skill level 1 in Conjurations
  1460 | D:2      | Noticed Natasha
  1468 | D:2      | Killed Natasha
  1469 | D:2      | Reached skill level 1 in Necromancy
  1480 | D:2      | Noticed Natasha
  1486 | D:2      | HP: 1/29 [Natasha (5)]
  1493 | D:2      | Killed from afar by a shadow imp

Illustrated notes

Levels and vault maps discovered:
D:1:      lordsloth_arrival_two_stooges, layout_loops_corners,
          basic_ecumenical_altar, chequers_serial_rivers_large_b
D:2:      layout_basic, uniq_natasha

Skill      XL: |  1  2  3 |
---------------+----------+-----
Long Blades    | 2 |  2.2
Conjurations   | 1 |  1.2
Shields        | 3 |  3.0
Necromancy     | 1 |  1.0
Fighting       | |  3.2
Armour         | |  2.9
Spellcasting   | |  0.8

Action                   || total
-------------------------++-------
Melee: Long sword        ||   136
Armor: Ring mail         ||    81
       Scale mail        ||     3
Dodge: Dodged            ||    79
Block: Buckler           ||    42
